 Dungeon Crawl Stone Soup version 0.26-a0-1033-gd598b01645 (webtiles) character file.

Game seed: 6956941150578149911

4367 Murumi the Thrower (level 10, -5/98 HPs)
             Began as an Ogre Conjurer on Dec 10, 2020.
             Was an Elder of Okawaru.
             Collided with a rock wall (16 damage)
             ... caused by Erica
             ... on level 8 of the Dungeon.
             The game lasted 00:37:17 (11801 turns).

Murumi the Thrower (Ogre Conjurer)                 Turns: 11801, Time: 00:37:19

Health: -5/98      AC:  9    Str: 16    XL:     10   Next: 34%
Magic:  8/14       EV: 12    Int: 19    God:    Okawaru [****..]
Gold:   322        SH:  0    Dex:  7    Spells: 12/15 levels left

rFire    . . .     SeeInvis .   g - +5 whip (venom)
rCold    . . .     Faith    .   (no shield)
rNeg     + . .     Spirit   .   j - +2 robe
rPois    .         Reflect  .   (helmet restricted)
rElec    .         Harm     .   (no cloak)
rCorr    .         Rampage  .   (gloves unavailable)
Will     +....                  (boots unavailable)
Stlth    +++.......             (no amulet)
HPRegen  0.26/turn              k - ring of positive energy
MPRegen  0.14/turn              x - +4 ring of protection

@: lethally poisoned (-5 -> -10), heroism
A: large, unfitting armour, tough skin 1
a: Heroism, Renounce Religion


You were on level 8 of the Dungeon.
You worshipped Okawaru.
Okawaru was greatly pleased with you.
You visited 2 branches of the dungeon, and saw 9 of its levels.

You collected 322 gold pieces.

Inventory:

Hand Weapons
 g - a +5 whip of venom (weapon)
 v - a +0 giant spiked club
 E - a +0 morningstar
Missiles
 f - 231 stones (quivered)
 t - 20 poisoned darts
 C - 13 boomerangs
 D - 3 javelins
Armour
 j - a +2 robe (worn)
 m - a +1 kite shield
Jewellery
 a - an uncursed ring of ice
 k - a ring of positive energy (left hand)
 p - an uncursed ring of resist corrosion
 x - a +4 ring of protection (right hand)
Wands
 q - a wand of random effects (60)
 B - a wand of disintegration (10)
Scrolls
 i - 5 scrolls of remove curse
 l - 5 scrolls of teleportation
 n - a scroll of blinking
 s - a scroll of fog
 u - a scroll of fear
 y - a scroll of enchant weapon
 z - a scroll of enchant armour
Potions
 c - a potion of resistance
 d - 2 potions of haste
 e - 2 potions of might
 h - a potion of curing
 o - a potion of ambrosia {unknown}
 r - 3 potions of cancellation
 w - 2 potions of berserk rage


   Skills:
 - Level 6.0(11.0) Fighting
 - Level 7.0(12.0) Maces & Flails
 - Level 8.0(13.0) Throwing
 - Level 3.0(8.0) Dodging
 - Level 2.0(7.0) Stealth
 + Level 6.2(11.2) Shields
 - Level 3.0 Spellcasting
 - Level 4.0 Conjurations
 - Level 2.0 Invocations
 - Level 1.0 Evocations


You had 12 spell levels left.
You knew the following spells:

 Your Spells              Type           Power        Failure   Level
a - Magic Dart            Conj           ###.         3%          1
b - Searing Ray           Conj           ###...       4%          2

Your spell library contained the following spells:

 Spells                   Type           Power        Failure   Level
 Corona                   Hex            #......      16%         1
 Dazzling Flash           Conj/Hex       ##....       21%         3
 Ensorcelled Hibernation  Hex/Ice        #.....       22%         2
 Confusing Touch          Hex            #.......     41%         3
 Tukima's Dance           Hex            #.......     41%         3
 Fulminant Prism          Conj/Hex       ##........   54%         4
 Iskenderun's Mystic Bla  Conj/Tloc      ##......     54%         4


Dungeon Overview and Level Annotations

Branches:
Dungeon (8/15)             Temple (1/1) D:5
   Lair: D:8-11

Altars:
Ashenzari
Cheibriados
Dithmenos
Elyvilon
Fedhas
Gozag
Hepliaklqana
Kikubaaqudgha
Makhleb
Nemelex Xobeh
Okawaru
Qazlal
Ru
Sif Muna
Trog
Uskayaw
Vehumet
Wu Jian
Xom
Yredelemnul
Zin
The Shining One

Shops:
D:8 [

Annotations:
D:8 Erica


Innate Abilities, Weirdness & Mutations

You are too large for most types of armour.
You have tough skin. (AC +1)


Message History

* * * LOW HITPOINT WARNING * * *
Something burns you.
* * * LOW HITPOINT WARNING * * *
You hit something. You whack something!
You feel sick. Something hits you.
* * * LOW HITPOINT WARNING * * *
Something burns you.
* * * LOW HITPOINT WARNING * * *
You feel much better.
You feel sick. Something hits you. Something burns you.
* * * LOW HITPOINT WARNING * * *
You hit something. You barely miss something.
You feel sick.
You miss something.
You hear some strange, mumbled words.
A lance of force appears from out of thin air!
The lance of force hits you!
* * * LOW HITPOINT WARNING * * *
You are knocked back by the lance of force.
You slam into the rock wall!
You die...

# #...# #.# # #...# #.# # #...#
###.# #. # #...# #(#.#####.. #.
. # #...# #..{.>..... ....##
########...####..## #####.#.)..
#...........(.....###..........
..[................##.##.......
................@........<((...
########...########....##(#....
#...# ##....).≈≈≈#. #...#
##....≈≈(≈≈h #...# ##.#.((∩≈≈.
..... #....≈≈≈≈≈. #...#.
#.....#≈≈≈.. #........##.
#.....####


There were no monsters in sight!

Vanquished Creatures
  Maurice (D:8)
  Joseph (D:8)
  4 yaks (D:7)
  2 ice beasts (D:7)
  The ghost of twist the Chiller, an amateur VSIE of Cheibriados (D:6)
  A sky beast (D:5)
  4 orc warriors
  6 phantoms
  4 ogres
  2 eyes of draining (D:6)
  A big kobold (D:7)
  5 bullfrogs
  A wyvern zombie (D:8)
  2 scorpions
  A bullfrog zombie (D:7)
  A hound (D:6)
  3 jellies (D:7)
  A bullfrog skeleton (D:4)
  3 orc wizards
  Jessica (D:2)
  7 worker ants
  A hound zombie (D:7)
  A worker ant zombie (D:7)
  3 gnolls (D:8)
  13 adders
  A shadow imp (D:8)
  A white imp (D:8)
  An ufetubus (D:7)
  3 oozes
  An adder skeleton (D:4)
  2 adder zombies (D:7)
  A worm (D:2)
  4 dart slugs
  2 leopard geckos
  19 orcs
  5 ball pythons
  9 bats
  4 giant cockroaches
  6 hobgoblins
  8 jackals
  15 kobolds
  2 quokkas
  8 frilled lizards
  11 goblins
  3 leopard gecko skeletons
  A leopard gecko zombie (D:5)
  A quokka zombie (D:6)
  5 rats
  A spectral orc (D:6)
184 creatures vanquished.

Vanquished Creatures (others)
  3 jackals (D:7)
3 creatures vanquished.

Grand Total: 187 creatures vanquished

Notes
Turn   | Place    | Note
-------+----------+-------------------------------------------
     0 | D:1      | Murumi the Ogre Conjurer began the quest for the Orb.
     0 | D:1      | Reached XP level 1. HP: 16/16 MP: 3/3
   231 | D:1      | Reached XP level 2. HP: 24/24 MP: 1/5
   234 | D:1      | Learned a level 2 spell: Searing Ray
   760 | D:1      | Reached XP level 3. HP: 31/31 MP: 3/7
  1450 | D:1      | Reached skill level 1 in Throwing
  1761 | D:2      | Reached skill level 1 in Maces & Flails
  1813 | D:2      | Reached XP level 4. HP: 40/40 MP: 6/8
  1820 | D:2      | Reached skill level 1 in Fighting
  2006 | D:2      | Noticed Jessica
  2009 | D:2      | Killed Jessica
  2010 | D:2      | Reached skill level 2 in Throwing
  2121 | D:2      | Reached XP level 5. HP: 48/48 MP: 1/9
  3678 | D:3      | Found a sacrificial altar of Ru.
  3682 | D:3      | Found an ancient bone altar of Kikubaaqudgha.
  3684 | D:3      | Found an opulent altar of Gozag.
  3686 | D:3      | Found a blossoming altar of Fedhas.
  3843 | D:3      | Reached skill level 1 in Shields
  3915 | D:3      | Found a glowing golden altar of the Shining One.
  4037 | D:4      | Found Dualo's Jewellery Boutique.
  4119 | D:4      | Reached XP level 6. HP: 51/57 MP: 6/10
  4848 | D:5      | Entered Level 5 of the Dungeon
  4987 | D:5      | Found a staircase to the Ecumenical Temple.
  5000 | Temple   | Entered the Ecumenical Temple
  5268 | Temple   | Became a worshipper of Warmaster Okawaru
  5305 | D:5      | Noticed a phantom
  5344 | D:5      | Killed a phantom
  5345 | D:5      | Reached skill level 3 in Throwing
  5345 | D:5      | Reached skill level 1 in Invocations
  5507 | D:5      | Reached XP level 7. HP: 55/67 MP: 2/11
  5913 | D:5      | Reached * piety under Okawaru
  6263 | D:5      | Reached skill level 4 in Throwing
  6587 | D:6      | Noticed twist's ghost (amateur VSIE)
  6589 | D:6      | Found a runed translucent gate.
  6589 | D:6      | Found a runed translucent gate.
  6589 | D:6      | Found a runed translucent gate.
  7026 | D:6      | Reached XP level 8. HP: 67/75 MP: 7/12
  7164 | D:6      | Reached ** piety under Okawaru
  7165 | D:6      | Reached skill level 1 in Evocations
  7618 | D:6      | Found a basalt altar of Yredelemnul.
  7745 | D:6      | Reached skill level 5 in Throwing
  7760 | D:6      | Reached skill level 5 in Maces & Flails
  7851 | D:6      | Found a bloodstained altar of Trog.
  8082 | D:6      | Reached skill level 5 in Shields
  8104 | D:6      | Reached XP level 9. HP: 59/84 MP: 13/13
  8210 | D:6      | Killed twist's ghost
  8211 | D:6      | Reached skill level 6 in Throwing
  8354 | D:7      | Reached skill level 5 in Fighting
  8765 | D:7      | Found a hazy altar of Hepliaklqana.
  8824 | D:7      | Reached *** piety under Okawaru
  8832 | D:7      | Reached skill level 7 in Throwing
  9727 | D:7      | Reached **** piety under Okawaru
  9943 | D:7      | Reached XP level 10. HP: 85/98 MP: 14/14
 10023 | D:7      | Found a radiant altar of Vehumet.
 11079 | D:8      | Reached skill level 8 in Throwing
 11096 | D:8      | Received a gift from Okawaru
 11147 | D:8      | Noticed Joseph
 11156 | D:8      | Killed Joseph
 11585 | D:8      | Found Gubosin's Antique Armour Emporium.
 11602 | D:8      | Noticed Maurice
 11629 | D:8      | Noticed Erica
 11646 | D:8      | Killed Maurice
 11801 | D:8      | Collided with a rock wall

Illustrated notes

Levels and vault maps discovered:
D:1:      shiori_arrival_oz, layout_basic, nrook_mini_backslash,
          minmay_misc_feat_tower, minmay_unequal
D:2:      minmay_spotlight, layout_basic, hangedman_decor_peaks_small,
          uniq_jessica
D:3:      layout_loops_ring, minitemple, marbit_many_paths, fountainhead,
          minivault_26
D:4:      layout_cave_pods, serial_shops, shop
D:5:      layout_gridville, minmay_temple_entry_stoned_glass
D:6:      layout_layer_cave, yredelemnul_forgotten_temple_becter,
          gammafunk_ghost_split, minmay_holes, trog_eyes_of_draining
D:7:      layout_layer_cave, fiery_altar_vehumet, general_overflow_altar
D:8:      layout_loops_cross, serial_shops, nicolae_shop_waterfront,
          kennysheep_generic_room_7, uniq_joseph, uniq_maurice, uniq_harold,
          uniq_erica
Temple:   minmay_temple_curvy_branch

Skill      XL: |  1  2  3  4  5  6  7  8  9 10 |
---------------+-------------------------------+-----
Conjurations   | 4 |  4.0
Spellcasting   | 3 |  3.0
Dodging        | 2 3 |  3.0
Stealth        | 2 |  2.0
Throwing       | 1 2 3 4 5 7 8 |  8.0
Maces & Flails | 1 2 3 4 5 6 7 |  7.0
Fighting       | 1 2 3 4 6 |  6.0
Shields        | 2 3 5 6 |  6.2
Invocations    | 1 2 |  2.0
Evocations     | 1 |  1.0

Action                   |  1- 3 |  4- 6 |  7- 9 | 10-12 || total
-------------------------+-------+-------+-------+-------++-------
Melee: Unarmed           |     6 |       |       |       ||     6
       Whip              |     2 |    56 |   263 |    69 ||   390
Throw: Stone             |       |    21 |   191 |    79 ||   291
       Dart              |       |       |    17 |     5 ||    22
       Javelin           |       |       |       |    10 ||    10
 Cast: Magic Dart        |    60 |    96 |     3 |       ||   159
       Searing Ray       |     6 |     5 |     9 |     6 ||    26
Invok: Heroism           |       |       |     1 |     3 ||     4
  Use: Scroll            |     9 |     6 |     6 |     1 ||    22
       Potion            |       |       |       |     1 ||     1
 Stab: Sleeping          |       |       |     1 |     1 ||     2
Armor: Robe              |     7 |    12 |    57 |    14 ||    90
Dodge: Dodged            |    11 |    25 |    67 |    18 ||   121

Table legend: (Time is in decaauts)
 A = Elapsed time spent in this place.
 B = Non-inter-level travel time spent in this place.
 C = Inter-level travel time spent in this place.
 D = Time resting spent in this place.
 E = Time spent auto-exploring this place.
 F = Levels seen in this place.
 G = Mean time per level.
                   A        B        C        D        E       F      G
               +--------+--------+--------+--------+--------+-----+--------+
         Total |  11685 |  10929 |    756 |     48 |   9586 |   9 | 1298.3 |
       Dungeon |  11391 |  10685 |    706 |     48 |   9343 |   8 | 1423.9 |
        Temple |    293 |    244 |     49 |      0 |    243 |   1 |  293.0 |
               +--------+--------+--------+--------+--------+-----+--------+

Top non-repeatable levels by time:
     D:7: 2420 daAuts
     D:6: 1829 daAuts
     D:1: 1736 daAuts
     D:2: 1427 daAuts
     D:5: 1362 daAuts
     D:4: 904 daAuts
     D:3: 855 daAuts
     D:8: 854 daAuts
  Temple: 293 daAuts
